 Dungeon Crawl Stone Soup version 0.30-a0-1124-g6e8f0f562f (webtiles) character file.

Game seed: 8197801041141581885

1859 LobsterGuardian the Skirmisher (level 8, -1/70 HPs)
             Began as a Minotaur Hunter on Apr 23, 2023.
             Slain by Menkaure (16 damage)
             ... on level 6 of the Dungeon.
             The game lasted 00:11:35 (4570 turns).

LobsterGuardian the Skirmisher (Minotaur Hunter)    Turns: 4570, Time: 00:11:36

Health: -1/70      AC:  6    Str: 17    XL:     8   Next: 89%
Magic:  7/7        EV: 14    Int:  6    God:
Gold:   266        SH:  0    Dex: 15    Spells: 7/7 levels left

rFire   . . .        a - +0 shortbow (drain)
rCold   + . .        (shield currently unavailable)
rNeg    . . .        x - +2 robe
rPois   .            (helmet restricted)
rElec   .            f - +1 cloak
rCorr   .            (no gloves)
SInv    .            (no boots)
Will    .....        (no amulet)
Stlth   ++           j - ring of protection from cold
HPRegen 0.31/turn    (no ring)
MPRegen 0.10/turn

%: no passive effects
@: mighty
A: horns 2, retaliatory headbutt
a: no special abilities


You were on level 6 of the Dungeon.
You visited 1 branch of the dungeon, and saw 6 of its levels.

You collected 266 gold pieces.

Inventory:

Hand Weapons
 a - a +0 shortbow of draining (weapon)
Missiles
 r - a throwing net
Armour
 f - a +1 cloak (worn)
 x - a +2 robe (worn)
Jewellery
 j - a ring of protection from cold (left hand)
 p - a ring of fire
Wands
 n - a wand of charming (10)
 q - a wand of roots (16)
Scrolls
 b - a scroll of brand weapon
 d - a scroll of teleportation
 v - a scroll of vulnerability {unknown}
 w - a scroll of enchant armour
Potions
 e - 2 potions of attraction {unknown}
 g - a potion of might
 h - a potion of invisibility
 i - 3 potions of flight
 k - 3 potions of cancellation
 l - 3 potions of haste {unknown}
 m - a potion of degeneration {unknown}
 o - a potion of curing {unknown}
 s - a potion of mutation {unknown}
 t - a potion of experience {unknown}
 u - a potion of resistance {unknown}


   Skills:
 + Level 5.9 Fighting
 + Level 10.7 Ranged Weapons
 + Level 2.9 Armour
 * Level 5.5 Dodging
 + Level 1.6 Stealth


You had 7 spell levels left.
You didn't know any spells.
Your spell library contained the following spells:

 Spells                   Type           Power      Damage    Failure   Level
 Foxfire                  Conj/Fire      0%         2x1d4     45%         1
 Ensorcelled Hibernation  Hex/Ice        0%         N/A       58%         2
 Lesser Beckoning         Tloc           0%         N/A       58%         2
 Gell's Gravitas          Tloc           0%         N/A       83%         3
 Spider Form              Tmut/Pois      0%         N/A       83%         3
 Teleport Other           Tloc           0%         N/A       83%         3
 Anguish                  Hex/Necr       0%         N/A       99%         4
 Fireball                 Conj/Fire      0%         3d3       100%        5
 Plasma Beam              Fire/Air       0%         2x1d11    100%        6
 Starburst                Conj/Fire      0%         6d3       100%        6


Dungeon Overview and Level Annotations

Branches:
Dungeon (6/15)
 Temple: D:4-7

Altars:
Fedhas
Gozag
Kikubaaqudgha
Ru
Xom

Annotations:
D:5 1 runed translucent door, Crazy Yiuf
D:6 Menkaure


Innate Abilities, Weirdness & Mutations

You have a pair of horns on your head.
You reflexively headbutt those who attack you in melee.


Message History

You shoot an arrow.
The arrow hits the orc but does no damage.
You drain the orc.
The orc is heavily wounded.
Menkaure, Prince of Dust comes into view.
You shoot an arrow. The arrow closely misses the orc.
You hear a shout!
The orc closely misses you.
You shoot an arrow. The arrow completely misses the orc.
The orc barely misses you. The orc hits you with a +0 dagger.
You shoot an arrow. The arrow closely misses the orc.
An orc comes into view. It is wielding a +0 long sword.
The orc hits you with a +3 dagger. The orc barely misses you.
You furiously retaliate!
You headbutt the orc. You shoot an arrow. The arrow hits the orc!
You kill the orc!
The orc hits you with a +3 dagger.
You shoot an arrow. The arrow closely misses Menkaure.
The arrow hits the orc.
You drain the orc.
The orc is almost dead.
The orc barely misses you. You furiously retaliate!
You headbutt the orc!
You kill the orc!
Menkaure calls on the powers of darkness!
Your body is wracked with pain!
You shoot an arrow.
The arrow hits Menkaure but does no damage.
You shoot an arrow.
The arrow hits Menkaure but does no damage.
Menkaure hits you.
You shoot an arrow.
The arrow hits Menkaure but does no damage.
Menkaure hits you!
* * * LOW HITPOINT WARNING * * *
It was a potion of might.
You feel very mighty all of a sudden. Menkaure misses you.
You shoot an arrow.
The arrow hits Menkaure but does no damage.
Menkaure hits you!
You die...

# .## <.. #.##
#...##
#..####)....##
#...oM@.......
##..###.....##
# #......
######


You could see Menkaure and an orc (very drained).

Vanquished Creatures
  Pikel (D:5)
  Prince Ribbit (D:5)
  Sigmund (D:5)
  An orc warrior (D:5)
  An ogre (D:5)
  2 lemures (D:5)
  Blork the orc (D:4)
  2 scorpions
  A howler monkey (D:5)
  3 hounds
  An orc priest (D:4)
  3 iguanas
  5 orc wizards
  16 gnolls
  5 adders
  A white imp (D:5)
  5 worms
  6 dart slugs
  18 orcs
  3 ball pythons
  11 endoplasms
  3 giant cockroaches
  10 hobgoblins
  14 jackals
  5 quokkas
  9 bats
  14 frilled lizards
  5 goblins
  5 kobolds
  7 rats
  2 butterflies (D:5)
162 creatures vanquished.

Vanquished Creatures (others)
  An orc wizard (D:5)
  10 plants (D:1)
11 creatures vanquished.

Grand Total: 173 creatures vanquished

Notes
Turn   | Place    | Note
-------+----------+-------------------------------------------
     0 | D:1      | LobsterGuardian the Minotaur Hunter began the quest for the
                  | Orb.
     0 | D:1      | Reached XP level 1. HP: 18/18 MP: 0/0
   222 | D:1      | Reached XP level 2. HP: 25/25 MP: 1/1
   226 | D:1      | Reached skill level 5 in Ranged Weapons
   660 | D:1      | Reached XP level 3. HP: 31/31 MP: 2/2
  1015 | D:2      | Reached XP level 4. HP: 38/38 MP: 3/3
  1681 | D:3      | Reached skill level 6 in Ranged Weapons
  1826 | D:3      | Reached skill level 1 in Stealth
  1908 | D:3      | Reached XP level 5. HP: 45/45 MP: 4/4
  1949 | D:3      | Identified the +7 falchion of Aneer {heavy, rC+ Dex+2}
  2536 | D:3      | Found a blossoming altar of Fedhas.
  2625 | D:4      | Noticed Blork the orc
  2636 | D:4      | Killed Blork the orc
  2637 | D:4      | Reached skill level 1 in Armour
  2639 | D:4      | Reached XP level 6. HP: 48/52 MP: 5/5
  2682 | D:4      | Reached skill level 7 in Ranged Weapons
  3259 | D:4      | Found an opulent altar of Gozag.
  3329 | D:4      | Reached XP level 7. HP: 60/60 MP: 6/6
  3475 | D:5      | Entered Level 5 of the Dungeon
  3501 | D:5      | Found a shimmering altar of Xom.
  3508 | D:5      | Noticed Prince Ribbit
  3513 | D:5      | Killed Prince Ribbit
  3514 | D:5      | Reached skill level 8 in Ranged Weapons
  3612 | D:5      | Found a runed translucent door.
  3613 | D:5      | Noticed Crazy Yiuf
  3652 | D:5      | Found an ancient bone altar of Kikubaaqudgha.
  3679 | D:5      | Reached skill level 5 in Fighting
  3679 | D:5      | Reached skill level 9 in Ranged Weapons
  3679 | D:5      | Reached XP level 8. HP: 45/68 MP: 7/7
  3939 | D:5      | Noticed Sigmund
  4208 | D:5      | Noticed Pikel
  4382 | D:5      | Killed Pikel
  4383 | D:5      | Reached skill level 10 in Ranged Weapons
  4383 | D:5      | Reached skill level 5 in Dodging
  4425 | D:5      | Found a sacrificial altar of Ru.
  4510 | D:5      | Killed Sigmund
  4560 | D:6      | Noticed Menkaure
  4570 | D:6      | Slain by Menkaure

Illustrated notes

Levels and vault maps discovered:
D:1:      heliophobic_arrival_glass_houses, layout_basic, minmay_lizard_king
D:2:      cheibrodos_helix_gallery, layout_basic
D:3:      layout_basic, fedhas_altar_2, st_stairs_3, hangedman_decor_lopped,
          skrybe_limestone_x, kennysheep_generic_room_9
D:4:      layout_rooms, lemuel_crystal_altar, uniq_blork_the_orc
D:5:      layout_cave_pools, xom_butterflies, mainiacjoe_overflow_cross_hatched,
          nicolae_overflow_crystal_walls, uniq_sigmund, uniq_crazy_yiuf_cottage,
          uniq_pikel, uniq_prince_ribbit1
D:6:      layout_loops_ring, mainiacjoe_overflow_swirl,
          mainiacjoe_overflow_24_doors, nemelex_spade_bored_becter,
          zin_statuary, minmay_temple_entry_mini_moons, uniq_menkaure

Skill      XL: |  1  2  3  4  5  6  7  8 |
---------------+-------------------------+-----
Ranged Weapons | 5 6 7 9 10 | 10.7
Fighting       | 3 4 5 |  5.9
Stealth        | 1 |  1.6
Armour         | 1 2 |  2.9
Dodging        | 3 4 5 |  5.5

Action                     |  1- 3 |  4- 6 |  7- 9 || total
---------------------------+-------+-------+-------++-------
   Fire: Shortbow          |   105 |   170 |   140 ||   415
    Use: Scroll            |     4 |     2 |     3 ||     9
         Potion            |       |       |     2 ||     2
 Armour: Leather armour    |     4 |    17 |    10 ||    31
  Dodge: Dodged            |    18 |    37 |    36 ||    91

Table legend: (Time is in decaauts)
 A = Elapsed time spent in this place.
 B = Non-inter-level travel time spent in this place.
 C = Inter-level travel time spent in this place.
 D = Time resting spent in this place.
 E = Time spent auto-exploring this place.
 F = Levels seen in this place.
 G = Mean time per level.
                   A        B        C        D        E       F      G
               +--------+--------+--------+--------+--------+-----+--------+
         Total |   4643 |   4388 |    255 |      0 |   3501 |   6 |  773.8 |
       Dungeon |   4643 |   4388 |    255 |      0 |   3501 |   6 |  773.8 |
               +--------+--------+--------+--------+--------+-----+--------+

Top non-repeatable levels by time:
     D:4: 1037 daAuts
     D:1: 954 daAuts
     D:5: 948 daAuts
     D:3: 931 daAuts
     D:2: 760 daAuts
     D:6: 11 daAuts
